 Dungeon Crawl Stone Soup version 0.25.0-9-g26727b657a (webtiles) character file.

Game seed: 16110187160492874082

3069 xccam the Cleaver (level 10, 0/74 HPs)
             Began as a Formicid Fighter on June 18, 2020.
             Was a Follower of Cheibriados.
             Slain by a killer bee (5 damage)
             ... on level 8 of the Dungeon.
             The game lasted 00:11:11 (8062 turns).

xccam the Cleaver (Formicid Fighter)                Turns: 8062, Time: 00:11:12

Health: 0/74       AC:  9    Str: 26    XL:     10   Next: 12%
Magic:  5/10       EV:  8    Int: 12    God:    Cheibriados [*.....]
Gold:   375        SH: 12    Dex: 13    Spells: 9/9 levels left

rFire    . . .     SeeInvis +   a - +0 war axe
rCold    . . .     Gourm    .   c - +0 kite shield
rNeg     . . .     Faith    .   r - +0 chain mail
rPois    .         Spirit   .   (helmet unavailable)
rElec    .         Reflect  .   (no cloak)
rCorr    .         Harm     .   (no gloves)
MR       +....                  (no boots)
Stlth    ..........             (no amulet)
HPRegen  0.22/turn              w - ring of stealth (curse)
MPRegen  0.12/turn              (no ring)

@: mighty, very slow
A: permanent stasis, dig shafts and tunnels, four strong arms, antennae 3
a: Dig, Shaft Self, Bend Time, Renounce Religion


You were on level 8 of the Dungeon.
You worshipped Cheibriados.
Cheibriados was aware of your devotion.
You were not hungry.

You visited 2 branches of the dungeon, and saw 9 of its levels.

You collected 375 gold pieces.

Inventory:

Hand Weapons
 a - a +0 war axe (weapon)
Armour
 c - a +0 kite shield (worn)
 r - a +0 chain mail (worn)
Jewellery
 g - an uncursed ring of fire
 j - an uncursed amulet of faith
 w - a cursed ring of stealth (left hand)
Wands
 n - a wand of digging (3)
Scrolls
 b - 6 scrolls of remove curse
 e - 3 scrolls of fear
 h - 4 scrolls of enchant armour {unknown}
 k - 3 scrolls of teleportation {unknown}
 l - 3 scrolls of amnesia {unknown}
 p - 3 scrolls of blinking {unknown}
 u - a scroll of magic mapping {unknown}
 x - a scroll of torment {unknown}
 y - a scroll of random uselessness {unknown}
 z - a scroll of identify
Potions
 o - a potion of invisibility
 q - a potion of lignification
 s - a potion of haste
 t - a potion of mutation
 v - a potion of magic
Comestibles
 f - 17 rations


   Skills:
 + Level 5.1 Fighting
 + Level 10.5 Axes
 + Level 5.1 Armour
 - Level 9.0 Shields


You had 9 spell levels left.
You didn't know any spells.
Your spell library contained the following spells:

 Spells                   Type           Power        Failure   Level  Hunger
 Sandblast                Erth           #.....       89%         1    ##.....
 Passwall                 Tmut/Erth      #.......     96%         2    ###....
 Stone Arrow              Conj/Erth      #.....       99%         3    ####...
 Petrify                  Tmut/Erth      #.......     100%        4    #####..
 Lee's Rapid Deconstruct  Erth           #.........   100%        5    ######.


Dungeon Overview and Level Annotations

Branches:
Dungeon (8/15)             Temple (1/1) D:6
   Lair: D:8-11

Altars:
Ashenzari
Cheibriados
Elyvilon
Fedhas
Gozag
Hepliaklqana
Kikubaaqudgha
Makhleb
Okawaru
Qazlal
Ru
Sif Muna
Trog
Uskayaw
Vehumet
Xom
Yredelemnul
Zin


Innate Abilities, Weirdness & Mutations

You cannot be hasted, slowed, berserked, paralysed or teleported.
You can dig through walls and to a lower floor.
Your four strong arms can wield two-handed weapons with a shield.
You have a pair of large antennae on your head. (SInv)


Message History

The killer bee stings you but does no damage.
The killer bee stings you!
* * * LOW HITPOINT WARNING * * *
You slice the killer bee!!
You kill the killer bee!
Cheibriados thoroughly appreciates the change of pace.
The killer bee stings you.
* * * LOW HITPOINT WARNING * * *
You closely miss the killer bee. You block the killer bee's attack.
The killer bee barely misses you.
You miss the killer bee. You block the killer bee's attack. x2
You hit the killer bee.
The killer bee is moderately wounded.
You block the killer bee's attack.
The killer bee stings you but does no damage.
You miss the killer bee.
The killer bee is moderately wounded.
The killer bee stings you but does no damage.
The killer bee stings you.
You die...

# #.##.# #.##>##.#
#.#.....# ...
#....######.# ...
###.........# #..
#..######## ######..
#..# ##...##..
#..##########........
#.5y@................
##########...........
#.#.......#.
#.##.....##.
#.###...###.
#.####.## #. #......#
## ########


You could see a killer bee and a crimson imp.

Vanquished Creatures
  A hippogriff (D:7)
  Sigmund (D:4)
  Eustachio (D:3)
  Duvessa (D:4)
  A water moccasin (D:7)
  2 ice beasts
  3 sky beasts
  A black bear (D:6)
  A phantom (D:6)
  2 ogres
  A centaur (D:5)
  2 bullfrogs
  Dowan (D:4)
  A gnoll sergeant (D:6)
  6 killer bees (D:8)
  2 howler monkeys (D:5)
  A crimson imp (D:6)
  A quasit (D:5)
  4 orc priests
  A gnoll shaman (D:6)
  3 hounds
  4 orc wizards
  An iguana (D:5)
  4 worker ants
  3 hound skeletons
  7 gnolls (D:6)
  6 adders
  3 shadow imps
  2 oozes
  2 adder skeletons (D:4)
  5 worms
  2 dart slugs (D:1)
  6 leopard geckos
  28 orcs
  3 ball pythons
  6 giant cockroaches
  10 goblins
  11 hobgoblins
  16 jackals
  13 kobolds
  A ball python skeleton (D:4)
  11 bats
  8 frilled lizards
  A jackal zombie (D:6)
  2 quokka skeletons
  3 rats (D:1)
195 creatures vanquished.

Notes
Turn   | Place    | Note
-------+----------+-------------------------------------------
     0 | D:1      | xccam the Formicid Fighter began the quest for the Orb.
     0 | D:1      | Reached XP level 1. HP: 18/18 MP: 1/1
    43 | D:1      | Reached XP level 2. HP: 19/24 MP: 2/2
   121 | D:1      | Reached skill level 3 in Axes
   169 | D:1      | Reached XP level 3. HP: 29/29 MP: 3/3
   857 | D:2      | Found a basalt altar of Yredelemnul.
   876 | D:2      | Reached skill level 4 in Axes
   876 | D:2      | Reached XP level 4. HP: 35/35 MP: 4/4
  1710 | D:3      | Reached XP level 5. HP: 32/41 MP: 5/5
  1720 | D:3      | Reached skill level 5 in Axes
  1949 | D:3      | Reached XP level 6. HP: 24/47 MP: 6/6
  1954 | D:3      | Reached skill level 6 in Axes
  2566 | D:4      | Noticed Eustachio
  2566 | D:4      | Noticed Sigmund
  2583 | D:3      | Killed Eustachio
  2583 | D:3      | Reached skill level 7 in Axes
  2583 | D:3      | Reached XP level 7. HP: 25/52 MP: 7/7
  3058 | D:4      | Killed Sigmund
  3296 | D:4      | Noticed Duvessa
  3311 | D:4      | Killed Duvessa
  3311 | D:4      | Reached skill level 5 in Shields
  3314 | D:4      | Noticed Dowan
  3325 | D:4      | Killed Dowan
  3325 | D:4      | Reached XP level 8. HP: 31/58 MP: 8/8
  3869 | D:5      | Entered Level 5 of the Dungeon
  3877 | D:5      | Reached skill level 8 in Axes
  4135 | D:5      | Got a jewelled hat
  4982 | D:6      | Reached skill level 9 in Axes
  4982 | D:6      | Reached XP level 9. HP: 35/64 MP: 9/9
  5272 | D:6      | Found a staircase to the Ecumenical Temple.
  5294 | Temple   | Entered the Ecumenical Temple
  5322 | Temple   | Became a worshipper of Cheibriados the Contemplative
  5457 | D:6      | Found an iron altar of Okawaru.
  6590 | D:7      | Reached skill level 10 in Axes
  6756 | D:7      | Noticed a hippogriff
  6771 | D:7      | Killed a hippogriff
  6943 | D:7      | Reached * piety under Cheibriados
  7815 | D:8      | Reached XP level 10. HP: 48/73 MP: 10/10
  8004 | D:8      | Reached skill level 5 in Armour
  8014 | D:8      | Reached skill level 5 in Fighting
  8016 | D:8      | HP: 3/74 [killer bee (7)]
  8062 | D:8      | Slain by a killer bee

Illustrated notes

Levels and vault maps discovered:
D:1:      dpeg_arrival_arbitrary_a, layout_rooms
D:2:      layout_basic, yredelemnul_altar_generic
D:3:      layout_basic, guppyfry_early_orc_mine
D:4:      layout_basic, first_ration, grunt_decor_arrowhead, uniq_duvessa,
          uniq_eustachio, uniq_sigmund
D:5:      layout_cave_pools, kennysheep_generic_room_7
D:6:      layout_basic, minmay_temple_entry_glass, kennysheep_okawaru_gauntlet
D:7:      layout_basic
D:8:      layout_loops_ring, grunt_livestock, st_stairs_13
Temple:   compressed_dpeg_circular_temple

Skill      XL: |  1  2  3  4  5  6  7  8  9 10 |
---------------+-------------------------------+-----
Axes           | 3 4 5 7 9 10 | 10.5
Shields        | 5 7 9 |  9.0
Fighting       | 4 5 |  5.1
Armour         | 4 5 |  5.1

Action                   |  1- 3 |  4- 6 |  7- 9 | 10-12 || total
-------------------------+-------+-------+-------+-------++-------
Melee: War axe           |    99 |   146 |   457 |    48 ||   750
Invok: Bend Time         |       |       |       |     2 ||     2
Evoke: Wand              |       |       |       |     4 ||     4
  Use: Potion            |       |     4 |     5 |     5 ||    14
       Scroll            |       |     2 |     5 |       ||     7
 Stab: Invisible         |       |     2 |       |       ||     2
  Eat: Chunk             |       |     6 |    12 |     1 ||    19
       Ration            |       |       |     1 |       ||     1
Armor: Scale mail        |    72 |    45 |       |       ||   117
       Chain mail        |       |    41 |   183 |    32 ||   256
       Skin              |       |       |    17 |       ||    17
Dodge: Dodged            |    28 |    44 |   110 |    25 ||   207
Block: Kite shield       |    53 |    88 |   240 |    45 ||   426
